 Dungeon Crawl Stone Soup version 0.25-a0-781-gc44aebf4fe (webtiles) character file.

Game seed: 11002812047575892483, levelgen mode: deterministic

81 Geomchi the Gusty (level 4, -1/36 HPs)
             Began as a Draconian Air Elementalist on Apr 15, 2020.
             Killed from afar by a white imp (9 damage)
             ... with a puff of frost
             ... summoned by Natasha
             ... on level 3 of the Dungeon.
             The game lasted 00:02:43 (2357 turns).

Geomchi the Gusty (Draconian Air Elementalist)      Turns: 2357, Time: 00:02:43

Health: -1/36      AC:  5    Str: 10    XL:     4   Next: 20%
Magic:  1/7        EV: 12    Int: 17    God:
Gold:   69         SH:  0    Dex: 11    Spells: 3/7 levels left

rFire    . . .     SeeInvis .   c - +1 whip (flame)
rCold    . . .     Gourm    .   (no shield)
rNeg     . . .     Faith    .   (armour unavailable)
rPois    .         Spirit   .   e - +0 hat
rElec    .         Reflect  .   (no cloak)
rCorr    .         Harm     .   (no gloves)
MR       .....                  (no boots)
Stlth    ++........             (no amulet)
HPRegen  0.12/turn              (no ring)
MPRegen  0.10/turn              (no ring)

@: very slightly contaminated, slowed, very slow
A: unfitting armour, cold-blooded, AC +5
a: no special abilities


You were on level 3 of the Dungeon.
You were not hungry.

You visited 1 branch of the dungeon, and saw 3 of its levels.

You collected 69 gold pieces.

Inventory:

Hand Weapons
 c - a +1 whip of flaming (weapon)
Armour
 e - a +0 hat (worn)
Jewellery
 g - a +4 ring of dexterity
Scrolls
 h - 2 scrolls of remove curse {unknown}
 l - a scroll of blinking {unknown}
 o - a scroll of enchant armour {unknown}
Potions
 a - a potion of brilliance {unknown}
 d - a potion of curing {unknown}
 f - 2 potions of heal wounds {unknown}
 i - a potion of magic {unknown}
 j - 2 potions of invisibility {unknown}
 k - 2 potions of might {unknown}
 m - a potion of flight {unknown}
Comestibles
 b - 4 rations
 n - 2 chunks of flesh {@w0}


   Skills:
 + Level 2.0 Fighting
 - Level 1.7 Dodging
 - Level 1.7 Stealth
 - Level 2.0 Spellcasting
 * Level 2.9 Conjurations
 + Level 3.5 Air Magic


You had 3 spell levels left.
You knew the following spells:

 Your Spells              Type           Power        Failure   Level  Hunger
a - Shock                 Conj/Air       ##..         4%          1    #......
b - Static Discharge      Conj/Air       ##......     16%         3    ###....

Your spell library contained the following spells:

 Spells                   Type           Power        Failure   Level  Hunger
 Swiftness                Chrm/Air       #.......     14%         2    ###....
 Airstrike                Air            ##........   41%         4    #####..
 Lightning Bolt           Conj/Air       ##........   80%         5    ######.


Dungeon Overview and Level Annotations

Branches:
Dungeon (3/15)

Altars:
Okawaru

Annotations:
D:3 Grinder, Natasha


Innate Abilities, Weirdness & Mutations

Your plain brown scales are hard. (AC +5)
You cannot fit into any form of body armour.
You are cold-blooded and may be slowed by cold attacks.


Message History

Aim: Natasha (severely wounded)
The zap misses the white imp.
The zap hits Natasha.
The white imp hits you. The white imp freezes you.
You feel yourself slow down.
You take 4 damage, and have 13/36 hp.
You now have 1/7 mp.
Aim: Natasha (almost dead)
You miscast Shock.
Nothing appears to happen.
The white imp misses you.
You now have 0/7 mp.
You hit the white imp but do no damage.
Your tail-slap misses the white imp.
You feel yourself speed up.
Natasha mumbles some strange words.
The white imp closely misses you. The white imp barely misses you.
You hit the white imp. You burn the white imp.
The white imp sputters.
The white imp hits you. The white imp freezes you.
You feel yourself slow down.
* * * LOW HITPOINT WARNING * * *
You take 5 damage, and have 8/36 hp.
You closely miss the white imp. The white imp gestures at you.
The puff of frost hits you!
You die...

#<# #.# ##
#.#####.# ...
#.......#
#.########.#
#..#######.###
#..........####
##............#
#.###.##.#.##.#
... #.##.#.##@#
#.#.
#.##.#.##5#
#.#.
#.##.#.##h# #
#. #....#.##5#
.5 #..##...#.#
.. .b .#...#
..# ..#


You could see Natasha and 2 white imps.

Vanquished Creatures
  Natasha (D:3)
  A dart slug (D:1)
  A leopard gecko (D:3)
  4 orcs
  2 ball pythons (D:1)
  A giant cockroach (D:1)
  4 hobgoblins (D:1)
  7 jackals (D:2)
  4 kobolds
  A quokka (D:3)
  6 bats
  3 frilled lizards
  7 goblins (D:1)
  4 rats
46 creatures vanquished.

Notes
Turn   | Place    | Note
-------+----------+-------------------------------------------
     0 | D:1      | Geomchi the Draconian Air Elementalist began the quest for
                  | the Orb.
     0 | D:1      | Reached XP level 1. HP: 14/14 MP: 3/3
   183 | D:1      | Reached XP level 2. HP: 21/22 MP: 0/5
   395 | D:1      | Reached skill level 1 in Fighting
   959 | D:1      | Reached XP level 3. HP: 28/28 MP: 2/6
   967 | D:1      | Learned a level 3 spell: Static Discharge
  1501 | D:2      | Found an iron altar of Okawaru.
  2261 | D:3      | Noticed Grinder
  2272 | D:3      | Noticed Natasha
  2280 | D:3      | Killed Natasha
  2280 | D:3      | Reached XP level 4. HP: 23/36 MP: 1/7
  2347 | D:3      | Noticed Natasha
  2357 | D:3      | Killed from afar by a white imp

Levels and vault maps discovered:
D:1:      dpeg_arrival_more_subterranean_lakeside_camping, layout_basic
D:2:      layout_rooms, grunt_decor_resistance, okawaru_metal_pillars_1_2
D:3:      layout_loops_ring, first_ration, uniq_jessica, uniq_natasha,
          uniq_grinder, uniq_terence

Skill      XL: |  1  2  3 |
---------------+----------+-----
Fighting       | 1 2 |  2.0
Conjurations   | 2 |  2.9
Dodging        | |  1.7
Stealth        | |  1.7
Spellcasting   | |  2.0
Air Magic      | |  3.5

Action                   |  1- 3 |  4- 6 || total
-------------------------+-------+-------++-------
Melee: Unarmed           |     6 |       ||     6
       Whip              |    15 |     3 ||    18
       Tailslap          |     1 |       ||     1
 Cast: Shock             |    97 |     5 ||   102
  Eat: Chunk             |     6 |       ||     6
Armor: Skin              |     8 |       ||     8
Dodge: Dodged            |    28 |     3 ||    31

Table legend:
 A = Non-vault XP
 B = Vault XP
 C = Vault XP percentage of total XP
 D = Non-vault monster count
 E = Vault monster count
 F = Vault count percentage of total count
                 A         B        C        D         E       F
            +---------+---------+-------+---------+---------+-------
      Total |      82 |      35 |  29.9 |      45 |       1 |   2.2
            +---------+---------+-------+---------+---------+-------
        D:1 |      42 |       0 |   0.0 |      25 |       0 |   0.0
        D:2 |      26 |       0 |   0.0 |      14 |       0 |   0.0
        D:3 |      14 |      35 |  71.4 |       6 |       1 |  14.3
            +---------+---------+-------+---------+---------+-------
